 Dungeon Crawl Stone Soup version 0.26-b1-45-g23770d1d51 (webtiles) character file.

Game seed: 10900648196735665560

10310 hawla the Thaumaturge (level 11, -2/86 HPs)
             Began as a White Draconian Conjurer on Jan 2, 2021.
             Was a Priest of Vehumet.
             Slain by fitz's ghost (6 damage)
             ... on level 8 of the Dungeon on Jan 7, 2021.
             The game lasted 00:47:57 (15360 turns).

hawla the Thaumaturge (White Draconian Conjurer)   Turns: 15360, Time: 00:47:57

Health: -2/86      AC: 17    Str: 10      XL:     11   Next: 34%
Magic:  5/24       EV: 12    Int: 22      God:    Vehumet [***...]
Gold:   601        SH:  0    Dex:  7 (9)  Spells: 6/28 levels left

rFire    . . .     SeeInvis .   t - +0 quarterstaff
rCold    + + .     Faith    .   (shield currently unavailable)
rNeg     . . .     Spirit   .   (armour unavailable)
rPois    +         Reflect  .   (helmet restricted)
rElec    .         Harm     .   (no cloak)
rCorr    .         Rampage  .   v - +2 pair of gloves
Will     .....                  u - +2 pair of boots
Stlth    ++........             (no amulet)
HPRegen  0.24/turn              c - ring of poison resistance
MPRegen  0.19/turn              q - +4 ring of protection

@: mighty, berserk cooldown, slowed, very slow
A: breathe frost, unfitting armour, stinger 1, cold resistance 2, cold-blooded,
AC +7
a: Breathe Frost, Renounce Religion


You were on level 8 of the Dungeon.
You worshipped Vehumet.
Vehumet was most pleased with you.
You visited 2 branches of the dungeon, and saw 11 of its levels.

You collected 601 gold pieces.

Inventory:

Hand Weapons
 t - a +0 quarterstaff (weapon)
Missiles
 x - 28 poisoned darts
 y - 5 boomerangs (quivered)
Armour
 u - a +2 pair of boots (worn)
 v - a +2 pair of gloves (worn)
Magical Staves
 m - an uncursed staff of air
Jewellery
 c - a ring of poison resistance (left hand)
 q - a +4 ring of protection (right hand)
Wands
 f - a wand of disintegration (11)
 s - a wand of acid (7)
Scrolls
 d - 4 scrolls of remove curse
 e - 2 scrolls of identify
 g - 5 scrolls of enchant weapon
 i - 2 scrolls of enchant armour
 k - 9 scrolls of teleportation
 n - 3 scrolls of magic mapping
Potions
 a - 3 potions of curing
 j - a potion of might
 l - 4 potions of flight
 o - 5 potions of haste
 p - 2 potions of ambrosia


   Skills:
 - Level 5.0 Fighting
 + Level 7.5 Staves
 - Level 3.0 Dodging
 - Level 2.0 Stealth
 - Level 4.0 Shields
 + Level 9.0 Spellcasting
 + Level 8.3 Conjurations
 - Level 4.3 Translocations
 - Level 2.0 Transmutations
 + Level 4.9 Ice Magic
 + Level 4.1 Air Magic
 - Level 3.0 Evocations


You had 6 spell levels left.
You knew the following spells:

 Your Spells              Type           Power        Failure   Level
a - Magic Dart            Conj           100%         1%          1
b - Searing Ray           Conj           92%          1%          2
c - Iskenderun's Mystic   Conj/Tloc      37%          1%          4
d - Apportation           Tloc           56%          1%          1
e - Freezing Cloud        Conj/Ice/Air   17%          24%         6
f - Frozen Ramparts       Ice            62%          1%          3
g - Irradiate             Conj/Tmut      16%          6%          5

Your spell library contained the following spells:

 Spells                   Type           Power        Failure   Level
 Static Discharge         Conj/Air       37%          1%          3
 Conjure Flame            Conj/Fire      28%          1%          3
 Dazzling Flash           Conj/Hex       56%          1%          3
 Mephitic Cloud           Conj/Pois/Air  28%          1%          3
 Stone Arrow              Conj/Erth      56%          1%          3
 Lesser Beckoning         Tloc           14%          3%          3
 Fulminant Prism          Conj/Hex       14%          3%          4
 Poisonous Vapours        Pois/Air       38%          4%          2
 Ignite Poison            Fire/Tmut/Pois 13%          4%          3
 Lightning Bolt           Conj/Air       18%          4%          5
 Fireball                 Conj/Fire      14%          9%          5
 Tukima's Dance           Hex            9%           21%         3
 Alistair's Intoxication  Tmut/Pois      9%           77%         5
 Invisibility             Hex            9%           100%        6


Dungeon Overview and Level Annotations

Branches:
Dungeon (10/15)            Temple (1/1) D:5            Lair (0/6) D:10
    Orc: D:9-12

Altars:
Ashenzari
Cheibriados
Dithmenos
Elyvilon
Fedhas
Gozag
Hepliaklqana
Kikubaaqudgha
Makhleb
Nemelex Xobeh
Okawaru
Qazlal
Ru
Sif Muna
Trog
Uskayaw
Vehumet
Wu Jian
Xom
Yredelemnul
Zin
The Shining One

Shops:
D:9 (*

Annotations:
D:8 fitz's ghost, novice GrFi
D:10 3 runed translucent doors, Dirihyb's ghost, novice GrFi


Innate Abilities, Weirdness & Mutations

You can breathe waves of freezing cold.
You can buffet flying creatures when you breathe cold.
Your icy white scales are hard. (AC +7)
You cannot fit into any form of body armour.
Your flesh is very cold resistant. (rC++)
You are cold-blooded and may be slowed by cold attacks.
Your tail ends in a poisonous barb.


Message History

Fitz's ghost hits you.
* * * LOW HITPOINT WARNING * * *
The quasit barely misses you.
The quasit claws you but does no damage.
The quasit barely misses you. Fitz's ghost hits you.
* * * LOW HITPOINT WARNING * * *
Blink to where?
Press: ? - help, Dir - move target
As you read the scroll of blinking, it crumbles to dust.
Casting: Searing Ray (safe; 1% risk of failure)
Confirm with . or Enter, or press ? or * to list all spells.
You erupt in a blast of force!
The mystic blast hits fitz's ghost.
Fitz's ghost is severely damaged.
Fitz's ghost is knocked back by the mystic blast.
The mystic blast hits the quasit!
You kill the quasit!
Vehumet accepts your kill.
You feel your power returning. Fitz's ghost hits you.
You die...

#..............####.©.####
#............###. #####..#
#...........##..#..$[?....
###.#.......#....###=..##.
###.......##.#.....#....
##....#..#.. #..©..##.
###.....#..#..##..#.....
#..........#....#...#...
#......@W..##......#....
#........#..##.###..####
####....###..###§####...
##..####.............
##...#..............
#..................
#.....###.......##.
#..##.##...........
#...#.###..........


You could see fitz's ghost.

Vanquished Creatures
  2 two-headed ogres
  An ugly thing (D:10)
  The ghost of qqq123 the Skirmisher, a novice GrFi of Okawaru (D:6)
  2 komodo dragons (D:10)
  Grinder (D:3)
  Sigmund (D:4)
  A vampire (D:10)
  6 yaks
  A steam dragon (D:9)
  5 water moccasins
  2 black bears (D:10)
  4 sky beasts
  2 orc warriors
  6 ice beasts
  A phantom (D:7)
  2 necrophages
  2 ogres (D:6)
  2 centaurs
  3 big kobolds
  10 bullfrogs
  5 scorpions
  A water moccasin skeleton (D:8)
  11 killer bees
  5 wights
  2 bullfrog zombies
  4 quasits (D:8)
  8 hounds
  5 orc priests
  4 jellies
  2 bullfrog skeletons
  2 centaur skeletons
  Jessica (D:3)
  5 iguanas
  9 orc wizards
  8 worker ants
  A hound zombie (D:7)
  2 hound skeletons
  A worker ant zombie (D:6)
  Robin (D:1)
  4 gnolls (D:7)
  11 adders
  A shadow imp (D:8)
  4 white imps
  An ufetubus (D:5)
  An ooze (D:2)
  An adder skeleton (D:8)
  2 adder zombies
  4 worms
  3 dart slugs
  4 leopard geckos
  41 orcs
  3 giant cockroaches
  12 goblins
  14 hobgoblins
  16 jackals
  35 kobolds
  9 quokkas
  2 ball pythons (D:1)
  8 bats
  6 frilled lizards
  A quokka zombie (D:9)
  6 rats
321 creatures vanquished.

Vanquished Creatures (others)
  A kobold (D:4)
  50 fungi (D:10)
  95 plants
146 creatures vanquished.

Grand Total: 467 creatures vanquished

Notes
Turn   | Place    | Note
-------+----------+-------------------------------------------
     0 | D:1      | hawla the Draconian Conjurer began the quest for the Orb.
     0 | D:1      | Reached XP level 1. HP: 14/14 MP: 3/3
   461 | D:1      | Reached XP level 2. HP: 20/20 MP: 3/5
  1038 | D:2      | Learned a level 2 spell: Searing Ray
  1098 | D:1      | Reached XP level 3. HP: 18/26 MP: 2/7
  1264 | D:2      | Noticed Robin
  1326 | D:1      | Upgraded the game from 0.26-b1-25-gafae2e710b to
                  | 0.26-b1-45-g23770d1d51
  1338 | D:1      | Killed Robin
  1419 | D:1      | Reached skill level 3 in Spellcasting
  1669 | D:2      | Reached XP level 4. HP: 31/33 MP: 2/8
  2005 | D:2      | Reached skill level 5 in Conjurations
  2497 | D:3      | Noticed a centaur
  2543 | D:3      | Killed a centaur
  2544 | D:3      | Reached skill level 1 in Shields
  2544 | D:3      | Reached XP level 5. HP: 24/38 MP: 4/10
  2671 | D:3      | Learned a level 4 spell: Iskenderun's Mystic Blast
  2744 | D:3      | Noticed Grinder
  2751 | D:3      | Paralysed by Grinder for 4 turns
  2777 | D:3      | Paralysed by Grinder for 2 turns
  2779 | D:3      | Killed Grinder
  2780 | D:3      | Reached skill level 4 in Spellcasting
  2780 | D:3      | Reached skill level 1 in Translocations
  2780 | D:3      | Reached XP level 6. HP: 26/45 MP: 0/12
  3034 | D:3      | Noticed Jessica
  3069 | D:3      | Killed Jessica
  3568 | D:3      | Your scales start taking on an icy white colour.
  3568 | D:3      | Reached XP level 7. HP: 50/50 MP: 7/13
  3568 | D:3      | Gained mutation: Your flesh is cold resistant. (rC+) [White
                  | Draconian growth]
  4297 | D:4      | Noticed Sigmund
  4346 | D:4      | Killed Sigmund
  4728 | D:4      | Gained mutation: You are dopey. (Int -2) [potion of
                  | mutation]
  4728 | D:4      | Gained mutation: You are somewhat resistant to further
                  | mutation. [potion of mutation]
  4862 | D:5      | Entered Level 5 of the Dungeon
  4966 | D:4      | Lost mutation: You are dopey. (Int -2) [potion of mutation]
  4966 | D:4      | Lost mutation: You are somewhat resistant to further
                  | mutation. [potion of mutation]
  4966 | D:4      | Gained mutation: Your mind is acute. (Int +2) [potion of
                  | mutation]
  4966 | D:4      | Gained mutation: Your body sometimes deteriorates upon
                  | taking damage. [potion of mutation]
  4966 | D:4      | Gained mutation: Your mind is very acute. (Int +4) [potion
                  | of mutation]
  5023 | D:4      | Reached skill level 5 in Spellcasting
  5218 | D:4      | Found a burning altar of Makhleb.
  5220 | D:4      | Noticed an Executioner
  5261 | D:4      | Reached XP level 8. HP: 57/57 MP: 10/15
  5418 | D:4      | Found a blossoming altar of Fedhas.
  5994 | D:5      | Found a hide-covered altar of Uskayaw.
  6083 | D:5      | Found an opulent altar of Gozag.
  6084 | D:5      | Found a burning altar of Makhleb.
  6803 | D:5      | Reached skill level 1 in Fighting
  6841 | D:5      | Found a staircase to the Ecumenical Temple.
  6853 | Temple   | Entered the Ecumenical Temple
  7053 | Temple   | Became a worshipper of Vehumet
  7237 | D:5      | Reached skill level 1 in Evocations
  7695 | D:6      | Found a transporter.
  7733 | D:6      | Found a transporter.
  7733 | D:6      | Noticed qqq123's ghost (novice GrFi)
  7751 | D:6      | Reached skill level 1 in Staves
  7751 | D:6      | Reached skill level 6 in Spellcasting
  8015 | D:6      | Found a basalt altar of Yredelemnul.
  8088 | D:6      | Found a shimmering altar of Xom.
  8112 | D:6      | Reached XP level 9. HP: 50/68 MP: 12/18
  8639 | D:5      | Found a bloodstained altar of Trog.
  8639 | D:5      | Found a hazy altar of Hepliaklqana.
  8748 | D:7      | Found a shadowy altar of Dithmenos.
  8898 | D:7      | Reached * piety under Vehumet
  8898 | D:7      | Offered knowledge of Freeze by Vehumet.
 10094 | D:7      | Reached skill level 7 in Spellcasting
 10533 | D:7      | Found a sparkling altar of Nemelex Xobeh.
 10569 | D:8      | Lost mutation: Your body sometimes deteriorates upon taking
                  | damage. [potion of mutation]
 10569 | D:8      | Lost mutation: Your mind is very acute. (Int +4) [potion of
                  | mutation]
 10569 | D:8      | Lost mutation: Your mind is acute. (Int +2) [potion of
                  | mutation]
 10569 | D:8      | Gained mutation: Your tail ends in a poisonous barb.
                  | [potion of mutation]
 10569 | D:8      | Gained mutation: Your flesh is very cold resistant. (rC++)
                  | [potion of mutation]
 10610 | D:8      | Reached skill level 5 in Fighting
 10695 | D:8      | Found a transporter.
 10698 | D:8      | You fall into a shaft and drop 1 floor!
 10748 | D:9      | Reached ** piety under Vehumet
 10748 | D:9      | Offered knowledge of Foxfire by Vehumet.
 10824 | D:10     | Entered Level 10 of the Dungeon
 10838 | D:10     | Reached skill level 5 in Staves
 11257 | D:8      | Reached XP level 10. HP: 81/81 MP: 11/21
 11463 | D:8      | Reached skill level 8 in Spellcasting
 11527 | D:8      | Noticed fitz's ghost (novice GrFi)
 11540 | D:8      | Found a transporter.
 11702 | D:8      | Learned a level 1 spell: Apportation
 11709 | D:8      | Learned a level 6 spell: Freezing Cloud
 11952 | D:8      | Reached skill level 1 in Ice Magic
 12114 | D:8      | Offered knowledge of Frozen Ramparts by Vehumet.
 12119 | D:8      | Learned a level 3 spell: Frozen Ramparts
 12173 | D:9      | Identified a scroll of acquirement
 12183 | D:9      | Reached skill level 1 in Air Magic
 12320 | D:9      | Found Buwuraf's Weapon Shop.
 12527 | D:9      | Noticed a two-headed ogre
 12534 | D:9      | Killed a two-headed ogre
 12708 | D:9      | Found Cogobbuali's Changing Room.
 13317 | D:10     | Acquired the Handbook of Attacks and Moulding
 13325 | D:10     | Learned a level 5 spell: Irradiate
 13344 | D:10     | Noticed a cyan ugly thing
 13356 | D:10     | Killed a cyan ugly thing
 13356 | D:10     | Reached *** piety under Vehumet
 13485 | D:10     | Reached skill level 1 in Transmutations
 13726 | D:10     | Offered knowledge of Static Discharge by Vehumet.
 13761 | D:10     | Reached XP level 11. HP: 75/86 MP: 10/23
 13957 | D:10     | Noticed a two-headed ogre
 13967 | D:10     | Killed a two-headed ogre
 14228 | D:10     | Found a staircase to the Lair.
 14289 | D:10     | Reached skill level 9 in Spellcasting
 14620 | D:10     | Noticed a brown ugly thing
 14622 | D:10     | Found a runed translucent gate.
 14622 | D:10     | Found a runed translucent gate.
 14622 | D:10     | Found a runed translucent gate.
 14626 | D:10     | Noticed Dirihyb's ghost (novice GrFi)
 15094 | D:6      | Killed qqq123's ghost
 15357 | D:8      | HP: 3/86 [fitz's ghost (4)]
 15360 | D:8      | Slain by fitz's ghost

Illustrated notes

Levels and vault maps discovered:
D:1:      lightli_arrival_boilingwater, layout_rooms
D:2:      layout_rooms, uniq_robin
D:3:      layout_loops_corners, minmay_bisected, uniq_jessica, uniq_grinder
D:4:      kennysheep_kobold_camp, layout_rooms, lemuel_doored_altar,
          makhleb_altar_promises_db, uniq_sigmund
D:5:      layout_basic, nicolae_overflow_hidden_temple,
          minmay_temple_entry_drinking_statues, minivault_5
D:6:      layout_basic, general_overflow_altar, gammafunk_ghost_arena,
          basic_altar
D:7:      kb_forest_paths, layout_basic, lemuel_round_altar,
          nemelex_altar_shiori
D:8:      layout_cave_pools, gammafunk_ghost_stat_death, minmay_puff
D:9:      layout_stronghold, serial_shops, shop_statue,
          nicolae_transmutations_shop
D:10:     layout_small_grid, due_lair_maze_entry_diamond, gammafunk_ghost_split
Temple:   nicolae_temple_figure_eight

Skill      XL: |  1  2  3  4  5  6  7  8  9 10 11 |
---------------+----------------------------------+-----
Spellcasting   | 3 4 5 6 7 8 9 |  9.0
Conjurations   | 5 6 7 8 |  8.3
Shields        | 1 2 3 4 |  4.0
Translocations | 1 2 3 4 |  4.3
Dodging        | 3 |  3.0
Stealth        | 2 |  2.0
Fighting       | 2 5 |  5.0
Evocations     | 1 2 3 |  3.0
Staves         | 2 5 7 |  7.5
Ice Magic      | 4 |  4.9
Air Magic      | 3 4 |  4.1
Transmutations | 1 2 |  2.0

Action                   |  1- 3 |  4- 6 |  7- 9 | 10-12 || total
-------------------------+-------+-------+-------+-------++-------
Melee: Unarmed           |    41 |       |       |       ||    41
       Tailslap          |     2 |     1 |    10 |     6 ||    19
       Whip              |     4 |    18 |    66 |       ||    88
       Quarterstaff      |       |       |    88 |    44 ||   132
       Staff             |       |       |       |    28 ||    28
Throw: Boomerang         |       |       |     2 |       ||     2
 Cast: Magic Dart        |    55 |    53 |    70 |    71 ||   249
       Searing Ray       |    11 |    21 |    78 |    52 ||   162
       Iskenderun's Myst |       |       |    33 |    41 ||    74
       Frozen Ramparts   |       |       |       |     3 ||     3
       Irradiate         |       |       |       |     3 ||     3
       Freezing Cloud    |       |       |       |     1 ||     1
 Abil: Breathe Frost     |       |       |       |     1 ||     1
  Use: Potion            |       |     2 |     8 |     4 ||    14
       Scroll            |       |       |    13 |     5 ||    18
 Stab: Sleeping          |       |       |     1 |       ||     1
Armor: Skin              |    46 |    11 |   108 |   125 ||   290
Dodge: Dodged            |    78 |    18 |   163 |   111 ||   370
